 Dungeon Crawl Stone Soup version 0.20-a0-501-g0de2c2e (webtiles) character file.

189 Jmtri7 the Nimble (level 5, -6/27 HPs)
             Began as a Spriggan Monk on Jan 19, 2017.
             Killed from afar by Dowan (7 damage)
             ... with a puff of flame
             ... on level 4 of the Dungeon.
             The game lasted 00:05:32 (3038 turns).

Jmtri7 the Nimble (Spriggan Monk)                   Turns: 3038, Time: 00:05:33

Health: -6/27      AC:  2    Str:  7    XL:     5   Next: 40%
Magic:  6/6        EV: 25    Int: 11    God:
Gold:   133        SH:  0    Dex: 20    Spells: 4/4 levels left

rFire    . . .     SeeInvis +   a - +0 falchion
rCold    . . .     Gourm    .   b - +0 robe
rNeg     . . .     Faith    .   (shield restricted)
rPois    .         Spirit   .   (helmet restricted)
rElec    .         Reflect  .   (no cloak)
rCorr    .         Harm     .   (gloves unavailable)
MR       .....                  (boots unavailable)
Stlth    ++++......             (no amulet)
Regen    0.1/turn               j - +3 ring of slaying
                                e - ring of stealth

@: very quick
A: unfitting armour, see invisible, herbivore 3, speed 3, slow metabolism 2
a: no special abilities


You were on level 4 of the Dungeon.
You were not hungry.

You visited 1 branch of the dungeon, and saw 4 of its levels.

You collected 133 gold pieces.

Inventory:

Hand Weapons
 a - a +0 falchion (weapon)
Armour
 b - a +0 robe (worn)
Jewellery
 e - a ring of stealth (left hand)
 j - a +3 ring of slaying (right hand)
 s - an uncursed ring of magical power
Scrolls
 d - a scroll of amnesia {unknown}
 g - 3 scrolls of fear {unknown}
 h - 2 scrolls of identify {unknown}
 k - a scroll of recharging {unknown}
 l - a scroll of magic mapping {unknown}
 n - a scroll of remove curse {unknown}
 p - 5 scrolls of blinking {unknown}
 q - 2 scrolls of teleportation {unknown}
 r - 2 scrolls of enchant weapon {unknown}
 t - a scroll of fog {unknown}
Potions
 f - 2 potions of curing {unknown}
 i - a potion of flight {unknown}
 m - 2 potions of brilliance {unknown}
 o - a potion of agility {unknown}
 u - a potion of lignification {unknown}
 v - 2 potions of might {unknown}
Comestibles
 c - 5 bread rations


   Skills:
 - Level 2.4 Fighting
 - Level 2.4 Long Blades
 + Level 8.9 Dodging
 - Level 3.0 Stealth


You had 4 spell levels left.
You didn't know any spells.

Dungeon Overview and Level Annotations

Branches:
Dungeon (4/15)
 Temple: D:4-7

Altars:
Fedhas
Nemelex Xobeh
Okawaru

Annotations:
D:4 Dowan, Duvessa


Innate Abilities, Weirdness & Mutations

You are very small and have problems with some larger weapons.
You are too small for most types of armour.
You have supernaturally acute eyesight. (SInv)
You are a herbivore.
You cover ground extremely quickly.
You need consume almost no food.


Message History

You hit Duvessa.
Duvessa is heavily wounded.
Dowan gestures at you while chanting. The puff of flame misses you.
Duvessa closely misses you. Dowan hits you with a dagger.
* * * LOW HITPOINT WARNING * * *
You hit Duvessa.
Duvessa is severely wounded.
Duvessa barely misses you. Dowan misses you.
You closely miss Duvessa.
Duvessa is severely wounded.
Duvessa hits you with a short sword.
* * * LOW HITPOINT WARNING * * *
Dowan misses you.
You riposte.
You closely miss Dowan.
Dowan is heavily wounded.
There is an open door here.
Dowan smirks and points a slender finger.
Dowan gestures at you while chanting. The puff of flame hits you!
You die...

###...#.....#
#.....#.....#
#.....'.....######
#######.e........#
.................#
..........e......#
#................#
.#...............#
_.#............@.#
.#..........##+###
#...+##.....# ....
#.....# #.....#
#.....# ......#


You could see Duvessa and Dowan.

Vanquished Creatures
  An orc wizard (D:3)
  Jessica (D:3)
  3 gnolls
  5 adders
  An ooze (D:2)
  A worm (D:2)
  2 dart slugs
  4 orcs (D:3)
  3 giant cockroaches
  3 goblins
  7 hobgoblins
  2 jackals
  3 bats
  6 frilled lizards
  5 kobolds
  8 rats
55 creatures vanquished.

Notes
Turn   | Place    | Note
-------+----------+-------------------------------------------
     0 | D:1      | Jmtri7 the Spriggan Monk began the quest for the Orb.
     0 | D:1      | Reached XP level 1. HP: 11/11 MP: 2/2
   365 | D:1      | Reached skill level 5 in Dodging
   387 | D:1      | Reached XP level 2. HP: 15/16 MP: 3/3
  1029 | D:1      | Reached skill level 6 in Dodging
  1283 | D:2      | Reached XP level 3. HP: 8/19 MP: 4/4
  1542 | D:2      | Reached skill level 7 in Dodging
  1678 | D:2      | Reached XP level 4. HP: 18/23 MP: 5/5
  2167 | D:3      | Reached skill level 8 in Dodging
  2167 | D:3      | Reached XP level 5. HP: 22/27 MP: 6/6
  2366 | D:3      | Found a blossoming altar of Fedhas.
  2367 | D:3      | Found a sparkling altar of Nemelex Xobeh.
  2415 | D:3      | Noticed Jessica
  2424 | D:3      | Killed Jessica
  3010 | D:4      | Found an iron altar of Okawaru.
  3012 | D:4      | Noticed Duvessa
  3012 | D:4      | Noticed Dowan
  3028 | D:4      | HP: 1/27 [Duvessa/short sword (2)]
  3038 | D:4      | Killed from afar by Dowan

Vault maps used:
D:1:      dpeg_arrival_fog, minmay_misc_feat_five
D:2:      first_bread, supply_closet_lemuel, kennysheep_generic_room_3
D:3:      gammafunk_temple_overflow_pools, uniq_jessica
D:4:      gammafunk_temple_overflow_forgotten, okawaru_metal_pillars_3,
          bloody_makhleb, uniq_duvessa, uniq_pikel

Skill      XL: |  1  2  3  4 |
---------------+-------------+-----
Dodging        | 5 6 7 8 |  8.9
Fighting       | |  2.4
Long Blades    | |  2.4
Stealth        | |  3.0

Action                   |  1- 3 |  4- 6 || total
-------------------------+-------+-------++-------
Melee: Falchion          |    74 |    85 ||   159
 Stab: Sleeping          |     4 |     3 ||     7
       Distracted        |     1 |       ||     1
Armor: Robe              |     3 |     4 ||     7
Dodge: Dodged            |    65 |    93 ||   158
       Rpst.: Falchion   |    18 |    34 ||    52
